 Dungeon Crawl Stone Soup version 0.23-a0-550-g7de1f8e (webtiles) character file.

2 Lavandula the Sneak (level 1, -1/11 HPs)
             Began as a Halfling Enchanter on Dec 9, 2018.
             Slain by a leopard gecko (5 damage)
             ... on level 2 of the Dungeon.
             The game lasted 00:00:24 (42 turns).

Lavandula the Sneak (Halfling Enchanter)              Turns: 42, Time: 00:00:24

Health: -1/11      AC:  2    Str:  9    XL:     1   Next: 44%
Magic:  3/3        EV: 15    Int: 13    God:
Gold:   0          SH:  0    Dex: 14    Spells: 2/3 levels left

rFire    . . .     SeeInvis .   a - +1 dagger
rCold    . . .     Gourm    .   (shield restricted)
rNeg     . . .     Faith    .   b - +0 robe
rPois    .         Spirit   .   (no helmet)
rElec    .         Reflect  .   (no cloak)
rCorr    .         Harm     .   (no gloves)
MR       .....                  (no boots)
Stlth    ++........             (no amulet)
HPRegen  0.03/turn              (no ring)
MPRegen  0.08/turn              (no ring)

@: no status effects
A: small, mutation resistance 1
a: no special abilities


You were on level 2 of the Dungeon.
You were not hungry.

You visited 1 branch of the dungeon, and saw 2 of its levels.

Inventory:

Hand Weapons
 a - a +1 dagger (weapon)
Armour
 b - a +0 robe (worn)
Potions
 c - a potion of lignification {unknown}
 e - a potion of heal wounds {unknown}
Comestibles
 d - a ration


   Skills:
 + Level 1.7 Short Blades
 - Level 2.1 Dodging
 - Level 3.2 Stealth
 - Level 1.5 Spellcasting
 - Level 2.4 Hexes


You had 2 spell levels left.
You knew the following spells:

 Your Spells              Type           Power        Failure   Level  Hunger
a - Corona                Hex            #......      10%         1    ##.....

Your spell library contained the following spells:

 Spells                   Type           Power        Failure   Level  Hunger
 Ensorcelled Hibernation  Hex/Ice        #.....       24%         2    ###....
 Confuse                  Hex            #.......     30%         3    ####...
 Tukima's Dance           Hex            #.......     30%         3    ####...
 Dazzling Spray           Conj/Hex       #.....       43%         3    ####...


Dungeon Overview and Level Annotations

Branches:
Dungeon (2/15)

Altars:


Innate Abilities, Weirdness & Mutations

You are small and have problems with some larger weapons.
You are somewhat resistant to further mutation.


Message History

The bat closely misses you. The bat closely misses you.
You barely miss the bat. The bat hits you but does no damage.
A leopard gecko comes into view.
The bat barely misses you.
Found a golden potion.
You barely miss the bat.
The leopard gecko hisses angrily.
The bat hits you but does no damage. The bat hits you but does no damage.
The bat closely misses you.
You hit the leopard gecko.
The leopard gecko is moderately wounded.
The bat hits you. The bat closely misses you. The leopard gecko bites you.
You miss the leopard gecko. The bat hits you but does no damage.
The leopard gecko bites you.
You hit the leopard gecko.
The leopard gecko is heavily wounded.
The bat misses you. The leopard gecko bites you.
You die...

.. #....≈≈♣≈≈..####
.#.###..b.≈≈≈≈≈..#
...........≈≈≈...####..
.......†...............
....#..##.....########
..........†..###
......##...### ......
##..####### .....
#@b......# #....
##l......#
........l........#
#.#....#.$.......# .#
###.......# #.......#
#.......# .........
#!.......


You could see a leopard gecko and a bat.

Vanquished Creatures
  A giant cockroach (D:2)
  A goblin (D:2)
  A rat (D:2)
3 creatures vanquished.

Notes
Turn   | Place    | Note
-------+----------+-------------------------------------------
     0 | D:1      | Lavandula the Halfling Enchanter began the quest for the
                  | Orb.
     0 | D:1      | Reached XP level 1. HP: 11/11 MP: 3/3
    42 | D:2      | Slain by a leopard gecko

Vault maps used:
D:1:      dpeg_arrival_boxorama, serial_bayou, serial_bayou_crossing,
          serial_bayou_pond_c, serial_bayou_pond_d, serial_bayou_pond_a,
          serial_bayou_pond_e
D:2:      elyvilon_altar_3

Action                   || total
-------------------------++-------
Melee: Dagger            ||    14
 Stab: Sleeping          ||     2
Armor: Robe              ||     7
Dodge: Dodged            ||     8

Table legend:
 A = Non-vault XP
 B = Vault XP
 C = Vault XP percentage of total XP
 D = Non-vault monster count
 E = Vault monster count
 F = Vault count percentage of total count
                 A         B        C        D         E       F
            +---------+---------+-------+---------+---------+-------
      Total |       4 |       0 |   0.0 |       3 |       0 |   0.0
            +---------+---------+-------+---------+---------+-------
        D:2 |       4 |       0 |   0.0 |       3 |       0 |   0.0
            +---------+---------+-------+---------+---------+-------
